 Dungeon Sprint DCSS version 0.27-a0-385-g3208abaabc (webtiles) character file.

Game seed: 14269754686291050528

30814 mhtbhm the Executioner (level 13, -36/138 HPs)
             Began as a Minotaur Fighter on Feb 20, 2021.
             Was a High Priest of Trog.
             Killed from afar by the Serpent of Hell (39 damage)
             ... with a fireball
             ... in the Dungeon (Sprint VII: "The Pits").
             The game lasted 00:08:08 (4320 turns).

mhtbhm the Executioner (Minotaur Fighter)           Turns: 4320, Time: 00:08:09

Health: -36/138    AC: 24    Str: 25    XL:     13   Next: 22%
Magic:  12/12      EV: 16    Int:  5    God:    Trog [*****.]
Gold:   29         SH: 15    Dex: 11    Spells: 12/12 levels left

rFire    . . .     SeeInvis .   a - +4 broad axe (flame)
rCold    . . .     Faith    .   c - +0 kite shield
rNeg     + . .     Spirit   .   b - +0 pearl dragon scales
rPois    .         Reflect  .   (helmet restricted)
rElec    .         Harm     .   s - +0 cloak
rCorr    .         Rampage  .   p - +0 pair of gloves
Will     .....     NoTele   +   (no boots)
Stlth    ..........             t - amulet of magic regeneration
HPRegen  0.33/turn              n - +3 ring of protection
MPRegen  0.38/turn              o - +3 ring of evasion

@: no status effects
A: retaliatory headbutt, horns 2
a: Renounce Religion, Berserk, Trog's Hand, Brothers in Arms


You were in the Dungeon.
You worshipped Trog.
Trog was extremely pleased with you.
You visited 1 branch You collected 29 gold pieces.

Inventory:

Hand Weapons
 a - a +4 broad axe of flaming (weapon)
 q - the +3 bardiche "Alilacoa" {vorpal, rPois SInv, unknown}
   (Trog gifted it to you in the Dungeon)

   It inflicts extra damage upon your enemies.
   It protects you from poison.
   It lets you see invisible.
 r - a +3 executioner's axe
 C - the +3 arbalest of Mugrik {freeze, +Fly rC+ Dex+2}
   (You found it in the Dungeon)

   It causes projectiles fired from it to freeze those they strike, causing
   extra injury to most foes and up to half again as much damage against
   particularly susceptible opponents.
   They can also slow down cold-blooded creatures.
   It affects your dexterity (+2).
   It protects you from cold.
   It lets you fly.
Missiles
 m - 8 poisoned darts (quivered)
Armour
 b - +0 pearl dragon scales (worn)
 c - a +0 kite shield (worn)
 p - a +0 pair of gloves (worn)
 s - a +0 cloak (worn)
Jewellery
 n - a +3 ring of protection (left hand)
 o - a +3 ring of evasion (right hand)
 t - an amulet of magic regeneration (around neck)
 u - a ring of ice
 v - a ring of fire
Scrolls
 l - a scroll of summoning
 y - a scroll of fear
 z - 4 scrolls of enchant weapon
 A - 2 scrolls of identify
Potions
 d - 3 potions of might
 e - 7 potions of curing
 f - 16 potions of heal wounds
 g - 4 potions of haste
 h - 4 potions of magic
 i - 4 potions of berserk rage
 k - 2 potions of invisibility
Miscellaneous
 w - a condenser vane
 B - a phial of floods


   Skills:
 + Level 19.6 Fighting
 + Level 22.4 Axes
 + Level 18.0 Armour
 + Level 6.7 Dodging
 + Level 2.8 Stealth
 + Level 18.3 Shields


You had 12 spell levels left.
You didn't know any spells.
Your spell library was empty.

Dungeon Overview and Level Annotations

Branches:
Dungeon (1/1)

Altars:
Ashenzari
Cheibriados
Dithmenos
Elyvilon
Fedhas
Gozag
Hepliaklqana
Kikubaaqudgha
Makhleb
Nemelex Xobeh
Okawaru
Qazlal
Ru
Sif Muna
Trog
Uskayaw
Vehumet
Wu Jian
Xom
Yredelemnul
Zin
The Shining One
Beogh
Jiyva
Lugonu

Annotations:
D Serpent of Hell


Innate Abilities, Weirdness & Mutations

You reflexively headbutt those who attack you in melee.
You have a pair of horns on your head.


Message History

There is an open door to the Storerooms (Easy) here.
You see here a +0 club.
Blink to where?
Press: ? - help, Dir - move target
As you read the scroll of blinking, it crumbles to dust.
As you read the scroll of fog, it crumbles to dust.
The scroll dissolves into smoke.
There is an open door here.
The Serpent of Hell roars!
There is an open door here.
The Serpent of Hell breathes flames at you. x2
The Serpent of Hell breathes fire at you.
The fireball explodes!
Unknown command.
You close the door.
You are engulfed in blazing flames.
Okay, then.
Okay, then.
Unknown command.
You are engulfed in blazing flames.
Your cyclops goes berserk!
Your troll goes berserk!
Your cyclops rages.
Your deep troll goes berserk!
The Serpent of Hell bursts through the door, destroying it!
You block the Serpent of Hell's attack. x2; The Serpent of Hell bites you!
You are engulfed in flames!!
* * * LOW HITPOINT WARNING * * *
The Serpent of Hell claws you but does no damage.
You block the Serpent of Hell's attack.
You feel much better.
The Serpent of Hell breathes flames at you.
The blast of flame hits you!!
* * * LOW HITPOINT WARNING * * *
The blast of flame hits your troll! The blast of flame hits your cyclops!!!
The Serpent of Hell breathes flames at you.
The blast of flame engulfs you!
* * * LOW HITPOINT WARNING * * *
The Serpent of Hell breathes fire at you.
The fireball explodes!
The fireball engulfs you!!!
You die...

#.#..'..'..#####'#
#D##'####+###.....
#.#........##.....
#.#........##.....
#.#####'#####...<.
#○#..[)))..##.....
#○#..[)))..##.....
#D###########.....
#@T○○...#..#######
#T###...#.########
#C#.....#)#....#.!
#○#...#.#)#....#..
#.....#.#.÷....'..
#...###.#'#....#..
#.......'.#....#..
##################


You could see the Serpent of Hell (catching breath, ally target), an iron dragon
(summoned), a friendly deep troll (summoned, berserk), a friendly cyclops
(summoned, berserk) and a friendly troll (summoned, berserk).

Vanquished Creatures
  A pearl dragon (D)
  A Hell Sentinel (D)
  An Ice Fiend (D)
  A sphinx (D)
  A ghost moth (D)
  A white draconian (D)
  A merfolk javelineer (D)
  Josephine (D)
  A great orb of eyes (D)
  2 boulder beetles (D)
  3 hell hogs (D)
  A fire crab (D)
  An iron troll (D)
  3 deep trolls (D)
  A flayed ghost (D)
  A spriggan druid (D)
  A wolf spider (D)
  A manticore (D)
  3 elephants (D)
  A black mamba (D)
  A smoke demon (D)
  An orange demon (D)
  A cane toad (D)
  A gargoyle (D)
  2 rime drakes (D)
  A demonic crawler (D)
  A hellwing (D)
  An ice devil (D)
  A yaktaur (D)
  A troll (D)
  3 merfolk (D)
  A red devil (D)
  A polar bear (D)
  Prince Ribbit (D)
  4 dream sheep (D)
  2 shadows (D)
  5 wraiths (D)
  3 redbacks (D)
  6 yaks (D)
  A hog (D)
  A basilisk (D)
  A soldier ant (D)
  A swamp drake (D)
  2 sky beasts (D)
  10 wolves (D)
  A centaur (D)
  A kobold brigand (D)
  A scorpion (D)
  A killer bee (D)
  An orc priest (D)
  Crazy Yiuf (D)
  2 orc wizards (D)
  A worker ant (D)
  A mummy (D)
  3 adders (D)
  2 white imps (D)
  2 oozes (D)
  An adder skeleton (D)
  A worm (D)
  A leopard gecko (D)
  6 orcs (D)
  2 giant cockroaches (D)
  A hobgoblin (D)
  A quokka (D)
  A ball python (D)
  A jackal skeleton (D)
  A kobold (D)
  A leopard gecko skeleton (D)
  A rat (D)
115 creatures vanquished.

Vanquished Creatures (collateral kills)
  A hydra (D)
1 creature vanquished.

Vanquished Creatures (others)
  A dream sheep (D)
1 creature vanquished.

Grand Total: 117 creatures vanquished

Notes
Turn   | Place    | Note
-------+----------+-------------------------------------------
     0 | D        | mhtbhm the Minotaur Fighter began the quest for the Orb.
     0 | D        | Reached XP level 1. HP: 19/19 MP: 0/0
    26 | D        | Found a bloodstained altar of Trog.
    26 | D        | Found a shimmering blue altar of Sif Muna.
    26 | D        | Found a viscous altar of Jiyva.
    26 | D        | Found a hazy altar of Hepliaklqana.
    26 | D        | Found an opulent altar of Gozag.
    27 | D        | Found a glowing golden altar of the Shining One.
    27 | D        | Found a glowing silver altar of Zin.
    27 | D        | Found a basalt altar of Yredelemnul.
    27 | D        | Found a shimmering altar of Xom.
    27 | D        | Found an ornate altar of the Wu Jian Council.
    27 | D        | Found a sacrificial altar of Ru.
    27 | D        | Found a stormy altar of Qazlal.
    27 | D        | Found an iron altar of Okawaru.
    27 | D        | Found a sparkling altar of Nemelex Xobeh.
    27 | D        | Found a burning altar of Makhleb.
    27 | D        | Found a blossoming altar of Fedhas.
    27 | D        | Found a white marble altar of Elyvilon.
    27 | D        | Found a shadowy altar of Dithmenos.
    27 | D        | Found a snail-covered altar of Cheibriados.
    29 | D        | Found a radiant altar of Vehumet.
    29 | D        | Found a corrupted altar of Lugonu.
    29 | D        | Found a roughly hewn altar of Beogh.
    31 | D        | Became a worshipper of Trog the Wrathful
    74 | D        | Reached * piety under Trog
    85 | D        | Reached skill level 3 in Axes
    85 | D        | Reached XP level 2. HP: 28/28 MP: 1/1
    90 | D        | Noticed Prince Ribbit
    97 | D        | Reached ** piety under Trog
    98 | D        | Reached skill level 5 in Fighting
    98 | D        | Reached skill level 5 in Armour
    98 | D        | Reached skill level 5 in Shields
    98 | D        | Reached XP level 3. HP: 15/36 MP: 2/2
   100 | D        | Killed Prince Ribbit
   101 | D        | Reached skill level 6 in Axes
   101 | D        | Reached XP level 4. HP: 11/48 MP: 3/3
   101 | D        | Reached XP level 5. HP: 12/53 MP: 4/4
   101 | D        | Reached *** piety under Trog
   430 | D        | Noticed a sky beast
   438 | D        | Killed a sky beast
   439 | D        | Reached skill level 7 in Axes
   439 | D        | Reached XP level 6. HP: 62/62 MP: 5/5
   457 | D        | Reached **** piety under Trog
   458 | D        | Reached skill level 8 in Axes
   467 | D        | Reached skill level 10 in Armour
   505 | D        | Noticed a shadow
   513 | D        | Killed a shadow
   514 | D        | Reached skill level 9 in Axes
   514 | D        | Reached skill level 1 in Dodging
   514 | D        | Reached XP level 7. HP: 34/70 MP: 6/6
   690 | D        | Reached ***** piety under Trog
   705 | D        | Reached skill level 10 in Shields
   740 | D        | Noticed a deep troll
   746 | D        | Reached skill level 10 in Fighting
   746 | D        | Reached skill level 10 in Axes
   756 | D        | Reached skill level 11 in Axes
   756 | D        | Reached XP level 8. HP: 78/79 MP: 7/7
   759 | D        | Killed a deep troll
   760 | D        | Reached skill level 12 in Axes
   768 | D        | Reached ****** piety under Trog
  1012 | D        | Found a hide-covered altar of Uskayaw.
  1012 | D        | Found an ancient bone altar of Kikubaaqudgha.
  1012 | D        | Found a broken altar of Ashenzari.
  1045 | D        | Received a gift from Trog
  1059 | D        | Reached skill level 13 in Axes
  1059 | D        | Reached XP level 9. HP: 89/89 MP: 8/8
  1063 | D        | Noticed a gargoyle
  1070 | D        | Killed a gargoyle
  1071 | D        | Noticed a merfolk javelineer
  1072 | D        | Noticed a merfolk
  1072 | D        | Noticed a merfolk
  1073 | D        | Noticed a merfolk
  1082 | D        | Killed a merfolk javelineer
  1082 | D        | Killed a merfolk
  1082 | D        | Received a gift from Trog
  1083 | D        | Reached skill level 15 in Axes
  1087 | D        | Killed a merfolk
  1087 | D        | Killed a merfolk
  1088 | D        | Reached XP level 10. HP: 8/97 MP: 9/9
  1436 | D        | Noticed a wolf spider
  1446 | D        | Killed a wolf spider
  1447 | D        | Reached skill level 16 in Axes
  1849 | D        | Noticed a white draconian
  1862 | D        | Killed a white draconian
  1886 | D        | Received a gift from Trog
  1889 | D        | Reached skill level 17 in Axes
  1921 | D        | Got a slimy bardiche {god gift}
  2044 | D        | Reached skill level 15 in Armour
  2153 | D        | Noticed an Ice Fiend
  2159 | D        | Killed an Ice Fiend
  2160 | D        | Reached skill level 18 in Axes
  2160 | D        | Reached XP level 11. HP: 21/110 MP: 10/10
  2509 | D        | Reached skill level 1 in Stealth
  2512 | D        | Received a gift from Trog
  2666 | D        | Noticed a fire crab
  2666 | D        | Noticed a boulder beetle
  2666 | D        | Noticed a boulder beetle
  2675 | D        | Killed a boulder beetle
  2676 | D        | Reached skill level 19 in Axes
  2679 | D        | Killed a boulder beetle
  2683 | D        | Killed a fire crab
  2857 | D        | Noticed Josephine
  2865 | D        | Reached skill level 15 in Fighting
  2867 | D        | Received a gift from Trog
  2870 | D        | Killed Josephine
  2871 | D        | Reached skill level 20 in Axes
  2871 | D        | Reached skill level 5 in Dodging
  2937 | D        | Noticed a deep troll
  2950 | D        | Killed a deep troll
  2957 | D        | Received a gift from Trog
  2974 | D        | Noticed a deep troll
  2980 | D        | Reached skill level 15 in Shields
  2981 | D        | Killed a deep troll
  3013 | D        | Received a gift from Trog
  3019 | D        | Reached XP level 12. HP: 113/122 MP: 11/11
  3111 | D        | Noticed Crazy Yiuf
  3115 | D        | Killed Crazy Yiuf
  3117 | D        | Received a gift from Trog
  3123 | D        | Received a gift from Trog
  3127 | D        | Reached skill level 21 in Axes
  3134 | D        | Noticed a five-headed hydra
  3136 | D        | Killed a ghost moth
  3138 | D        | Received a gift from Trog
  3149 | D        | Killed a five-headed hydra
  3414 | D        | Noticed a hell hog
  3414 | D        | Noticed a hell hog
  3414 | D        | Noticed a hell hog
  3414 | D        | Noticed a great orb of eyes
  3418 | D        | Received a gift from Trog
  3430 | D        | Killed a hell hog
  3433 | D        | Killed a hell hog
  3448 | D        | Killed a hell hog
  3448 | D        | Received a gift from Trog
  3452 | D        | Killed a great orb of eyes
  3474 | D        | Got the +3 arbalest of Mugrik {freeze, +Fly rC+ Dex+2}
  3810 | D        | Noticed a sphinx
  3817 | D        | Killed a sphinx
  3818 | D        | Reached skill level 22 in Axes
  3819 | D        | Noticed a Hell Sentinel
  3834 | D        | Killed a Hell Sentinel
  3835 | D        | Reached XP level 13. HP: 137/137 MP: 12/12
  3964 | D        | Noticed a pearl dragon
  3972 | D        | Killed a pearl dragon
  4226 | D        | Noticed the Serpent of Hell
  4240 | D        | Noticed a storm dragon
  4319 | D        | Noticed an iron dragon
  4320 | D        | HP: 3/138 [the Serpent of Hell/blast of flame (8)]
  4320 | D        | Killed from afar by the Serpent of Hell

Illustrated notes

Levels and vault maps discovered:
D:        pitsprint [storerooms_1, entrance_room_1, metal_vault_2, armoury_2,
          mini_pit_1, grid_room_1, main_hall_1, silver_pit, the_coven_3,
          the_vestibule_1, steel_vault_1, golden_pit, hallway_of_sentries,
          crystal_vault_1, iron_vault_5, final_vault]

Skill      XL: |  1  2  3  4  5  6  7  8  9 10 11 12 13 |
---------------+----------------------------------------+-----
Armour         | 4 5 8 9 10 11 12 14 15 16 17 18 | 18.0
Shields        | 4 5 8 9 10 11 12 13 15 17 18 | 18.3
Fighting       | 4 5 7 8 9 10 11 12 14 16 19 | 19.6
Axes           | 3 6 7 9 11 13 15 18 20 22 | 22.4
Dodging        | 1 2 3 4 5 6 |  6.7
Stealth        | 2 |  2.8

Action                   |  1- 3 |  4- 6 |  7- 9 | 10-12 | 13-15 || total
-------------------------+-------+-------+-------+-------+-------++-------
Melee: Hand axe          |    18 |    36 |    45 |       |       ||    99
       War axe           |     3 |       |       |       |       ||     3
       Headbutt          |       |     6 |    16 |    58 |     1 ||    81
       Broad axe         |       |       |    30 |   225 |     6 ||   261
Invok: Berserk           |     1 |     1 |     2 |     7 |     1 ||    12
       Brothers in Arms  |       |       |       |     1 |     4 ||     5
  Use: Potion            |       |       |       |     2 |     2 ||     4
       Scroll            |       |       |       |       |     4 ||     4
Armor: Scale mail        |     5 |       |       |       |       ||     5
       Chain mail        |       |    13 |    30 |    94 |     4 ||   141
       Pearl dragon scal |       |       |       |       |     2 ||     2
Dodge: Dodged            |     1 |     9 |    22 |    85 |     2 ||   119
Block: Kite shield       |    12 |    15 |    30 |   148 |     5 ||   210

Table legend: (Time is in decaauts)
 A = Elapsed time spent in this place.
 B = Non-inter-level travel time spent in this place.
 C = Inter-level travel time spent in this place.
 D = Time resting spent in this place.
 E = Time spent auto-exploring this place.
 F = Levels seen in this place.
 G = Mean time per level.
                   A        B        C        D        E       F      G
               +--------+--------+--------+--------+--------+-----+--------+
         Total |   4335 |   4335 |      0 |   2846 |    207 |   1 | 4335.0 |
       Dungeon |   4335 |   4335 |      0 |   2846 |    207 |   1 | 4335.0 |
               +--------+--------+--------+--------+--------+-----+--------+

Top non-repeatable levels by time:
       D: 4335 daAuts
